 Dungeon Crawl Stone Soup version 0.27.1-37-g7b29ead8ac (webtiles) character file.

Game seed: 14646193162316001927

14 AarnesTheHuman the Changer (level 2, -1/21 HPs)
             Began as a Merfolk Transmuter on Aug 28, 2023.
             Slain by a worm (7 damage)
             ... on level 2 of the Dungeon.
             The game lasted 00:02:00 (1121 turns).

AarnesTheHuman the Changer (Merfolk Transmuter)     Turns: 1121, Time: 00:02:00

Health: -1/21      AC:  2    Str: 10    XL:     2   Next: 45%
Magic:  2/5        EV: 12    Int: 12    God:
Gold:   20         SH:  0    Dex: 14    Spells: 2/5 levels left

rFire    . . .     SeeInvis .   a - +1 whip (flame)
rCold    . . .     Faith    .   (no shield)
rNeg     . . .     Spirit   .   b - +0 robe
rPois    .         Reflect  .   (helmet currently unavailable)
rElec    .         Harm     .   (no cloak)
rCorr    .         Rampage  .   (no gloves)
Will     .....                  (boots currently unavailable)
Stlth    +.........             (no amulet)
HPRegen  0.07/turn              (no ring)
MPRegen  0.09/turn              (no ring)

@: appendages (expiring), wereblooded
A: horns 2, (nimble swimmer 2), mertail
a: End Transformation


You were on level 2 of the Dungeon.
You had temporarily grown beastly horns.
You visited 1 branch of the dungeon, and saw 2 of its levels.

You collected 20 gold pieces.

Inventory:

Hand Weapons
 a - a +1 whip of flaming (weapon)
Missiles
 j - 18 bolts
Armour
 b - a +0 robe (worn)
Magical Staves
 e - a staff of cold
Scrolls
 d - a scroll of summoning {unknown}
 g - a scroll of teleportation {unknown}
 i - a scroll of identify {unknown}
 k - a scroll of enchant weapon {unknown}
Potions
 c - a potion of might {unknown}
 f - a potion of brilliance {unknown}
 h - a potion of haste {unknown}


   Skills:
 - Level 1.1 Fighting
 - Level 1.0 Maces & Flails
 - Level 2.6 Dodging
 - Level 3.2 Unarmed Combat
 - Level 2.0 Spellcasting
 + Level 3.5 Transmutations


You had 2 spell levels left.
You knew the following spells:

 Your Spells              Type           Power      Damage    Failure   Level
a - Beastly Appendage     Tmut           18%        N/A       6%          1
b - Wereblood             Tmut           9%         N/A       10%         2

Your spell library contained the following spells:

 Spells                   Type           Power      Damage    Failure   Level
 Spider Form              Tmut/Pois      2%         N/A       36%         3
 Ice Form                 Ice/Tmut       5%         N/A       78%         4


Dungeon Overview and Level Annotations

Branches:
Dungeon (2/15)

Altars:

Annotations:
D:1 exclusion: 2 downstairs
D:2 Jessica


Innate Abilities, Weirdness & Mutations

You have temporarily grown beastly horns.
((You are quick and stealthy near water. (Stealth+, EV+, Speed+++)))
Your lower body shifts to a powerful aquatic tail in water.


Message History

Level annotation: Jessica Welcome back, AarnesTheHuman the Merfolk Transmuter.
Press ? for a list of commands and other information.
Casting: Beastly Appendage (safe; 6% risk of failure)
Confirm with . or Enter, or press ? or * to list all spells.
You grow a pair of large bovine horns.
You closely miss the rat. The rat misses you.
You hit the rat. You burn the rat.
You kill the rat!
No target in view!
No target in view!
Memorise Wereblood, consuming 2 spell levels and leaving 2?
You start memorising the spell.
You continue memorising. x2
You finish memorising.
Spell assigned to 'b'.
Your transformation is almost over.
Magic restored.
You see here a rat corpse.
Found a brown potion.
A worm comes into view.
Casting: Beastly Appendage (safe; 6% risk of failure)
Confirm with . or Enter, or press ? or * to list all spells.
Your blood is infused with primal strength.
Casting: Wereblood (safe; 10% risk of failure)
Confirm with . or Enter, or press ? or * to list all spells.
You extend your transformation's duration.
Found a stone staircase leading down.
Found 11 gold pieces.
You barely miss the worm. The worm bites you!
You hit the worm. You burn the worm.
The worm is lightly wounded.
You hit the worm. You burn the worm. Your headbutt misses the worm.
The worm is heavily wounded.
The worm bites you.
* * * LOW HITPOINT WARNING * * *
You are too injured to fight recklessly!
You hit the worm. You burn the worm.
The worm is severely wounded.
Your transformation is almost over.
The worm bites you!
You die...

............#
....$......
∩..♣..∩.. #
.......#.#
......#.# #......>
##.w.#.#
#..@...#.#
#.....##.#
#........#.
##......!..
#.##.###..
#†........
#######.....#..
#....##.....# ..
###....##.#.......


You could see a worm.

Vanquished Creatures
  4 ball pythons
  2 endoplasms (D:1)
  A goblin (D:1)
  A hobgoblin (D:1)
  A quokka (D:1)
  2 bats
  A frilled lizard (D:1)
  3 rats
15 creatures vanquished.

Vanquished Creatures (others)
  A plant (D:2)
1 creature vanquished.

Grand Total: 16 creatures vanquished

Notes
Turn   | Place    | Note
-------+----------+-------------------------------------------
     0 | D:1      | AarnesTheHuman the Merfolk Transmuter began the quest for
                  | the Orb.
     0 | D:1      | Reached XP level 1. HP: 15/15 MP: 3/3
   401 | D:1      | Reached XP level 2. HP: 19/21 MP: 3/5
   852 | D:1      | Reached skill level 1 in Maces & Flails
   971 | D:2      | Noticed Jessica
  1107 | D:2      | Learned a level 2 spell: Wereblood
  1121 | D:2      | Slain by a worm

Illustrated notes

Levels and vault maps discovered:
D:1:      dpeg_arrival_refuge, layout_basic
D:2:      layout_basic, basic_altar, hellmonk_ecumenical_altar_arch_garden,
          kennysheep_cross_bottleneck, eino_tiny_chamber, minivault_5,
          roderic_serpentine_path, serial_bayou_crossing, uniq_jessica

Skill      XL: |  1  2 |
---------------+-------+-----
Transmutations | 3 |  3.5
Maces & Flails | 1 |  1.0
Fighting       | |  1.1
Dodging        | |  2.6
Unarmed Combat | |  3.2
Spellcasting   | |  2.0

Action                   || total
-------------------------++-------
Melee: Whip              ||    35
 Cast: Beastly Appendage ||    11
       Wereblood         ||     1
Armor: Robe              ||     9
Dodge: Dodged            ||    25
